[Event "Team 45 45 League T60"]
[Site "Internet Chess Club"]
[Date "2014.04.05"]
[Round "6"]
[White "Heian"]
[Black "nanning"]
[Result "1-0"]
[WhiteElo "1752"]
[BlackElo "1577"]
[Opening "Caro-Kann: advance variation"]
[ECO "B12"]
[Time "13:31:09"]
[TimeControl "2700+45"]

1. e4 c6 2. d4 d5 3. e5 Bf5 4. c3 e6 5. Nf3 c5 6. Bb5+ Nc6 7. O-O Ne7 8. dxc5 a6
9. Bd3 Qc7 10. Kh1 Bxd3 11. Qxd3 Ng6 12. b4 Ncxe5 13. Nxe5 Nxe5 14. Qg3 a5 15.
Bf4 f6 16. Re1 axb4 17. cxb4 Kf7 18. Bxe5 fxe5 19. Rxe5 Qd7 20. Qf4+ Kg8 21. Nc3
Be7 22. Rae1 Bf6 23. Rxe6 Bxc3 24. Re7 Qb5 25. Qf7# {Black checkmated} 1-0

[Event "Team 45 45 League T60"]
[Site "Internet Chess Club"]
[Date "2014.04.06"]
[Round "6"]
[White "houseofcook"]
[Black "losscause"]
[Result "1/2-1/2"]
[WhiteElo "1487"]
[BlackElo "1569"]
[Opening "Caro-Kann: exchange variation"]
[ECO "B13"]
[Time "13:02:05"]
[TimeControl "2700+45"]

1. e4 c6 2. d4 d5 3. exd5 cxd5 4. Bd3 Nc6 5. c3 Qc7 6. Ne2 Bg4 7. f3 Bd7 8. Bf4
e5 9. dxe5 Nxe5 10. Bc2 Nf6 11. O-O Bd6 12. Kh1 O-O 13. Nd2 h6 14. Nb3 Nc4 15.
Bxd6 Qxd6 16. Qc1 Rfe8 17. Nbd4 Ne3 {Game drawn by mutual agreement} 1/2-1/2

[Event "Team 45 45 League T60"]
[Site "Internet Chess Club"]
[Date "2014.04.05"]
[Round "6"]
[White "TwinsburgOHUSA"]
[Black "Gilguli"]
[Result "0-1"]
[WhiteElo "1509"]
[BlackElo "1404"]
[Opening "Latvian: Fraser defense"]
[ECO "C40"]
[Time "08:04:05"]
[TimeControl "2700+45"]

1. e4 e5 2. Nf3 f5 3. Nxe5 Nc6 4. Qh5+ g6 5. Nxg6 Nf6 6. Qh4 Rg8 7. Nxf8 Rg4 8.
Qh6 Rxe4+ 9. Kd1 Ng4 10. Qh5+ Kxf8 11. Qxf5+ Kg7 12. d3 d6 13. Qf3 Nxf2+ 14.
Qxf2 Bg4+ 15. Kd2 Qg5+ 16. Kc3 Qa5+ {White resigns} 0-1

[Event "Team 45 45 League T60"]
[Site "Internet Chess Club"]
[Date "2014.04.02"]
[Round "6"]
[White "semperfi"]
[Black "g8wrb"]
[Result "1/2-1/2"]
[WhiteElo "1342"]
[BlackElo "1327"]
[Opening "Queen's pawn: Yusupov-Rubinstein system"]
[ECO "A46"]
[Time "12:05:07"]
[TimeControl "2700+45"]

1. d4 Nf6 2. Nf3 e6 3. e3 b6 4. Bd3 Bb7 5. Nbd2 Be7 6. O-O Nc6 7. c3 O-O 8. b3
Rc8 9. Bb2 d5 10. Ne5 Na5 11. Re1 c5 12. Rc1 Qd6 13. Qe2 Rc7 14. c4 Rfc8 15. Ba3
Ba6 16. Ndf3 Nc6 17. h3 Bf8 18. Nxc6 Rxc6 19. Ne5 R6c7 20. f4 Bb7 21. Qf3 Qe7
22. Qg3 Ba6 23. Ng4 Nxg4 24. Qxg4 Qf6 25. Bb2 Bb7 26. Rb1 Qh6 {Game drawn by
mutual agreement} 1/2-1/2

[Event "Team 45 45 League T60"]
[Site "Internet Chess Club"]
[Date "2014.04.05"]
[Round "6"]
[White "BrerRabbit"]
[Black "BrianWood"]
[Result "1/2-1/2"]
[WhiteElo "1472"]
[BlackElo "1492"]
[Opening "QGD Slav"]
[ECO "D11"]
[Time "19:02:35"]
[TimeControl "2700+45"]

1. d4 d5 2. Nf3 c6 3. e3 Nf6 4. c4 e6 5. Nbd2 Be7 6. b3 O-O 7. Bb2 Nbd7 8. Rc1
c5 9. Bd3 h6 10. O-O dxc4 11. Nxc4 b6 12. Qc2 Bb7 13. Rfd1 Qb8 14. h3 Rc8 15.
Qe2 cxd4 16. Bxd4 Nc5 17. Be5 Bxf3 18. Qxf3 Qb7 19. Qxb7 Nxb7 {Game drawn by
mutual agreement} 1/2-1/2

[Event "Team 45 45 League T60"]
[Site "Internet Chess Club"]
[Date "2014.04.05"]
[Round "6"]
[White "tamtu"]
[Black "Invicta-Knight"]
[Result "1-0"]
[WhiteElo "1830"]
[BlackElo "1444"]
[Opening "Benkö gambit"]
[ECO "A57"]
[Time "05:27:09"]
[TimeControl "2700+45"]

1. d4 Nf6 2. c4 c5 3. d5 b5 4. Nf3 bxc4 5. Nc3 g6 6. e4 d6 7. Bxc4 Bg7 8. O-O
O-O 9. Re1 Nbd7 10. Nd2 Qb6 11. b3 Ne5 12. Be2 Neg4 13. Nc4 Qb4 14. Bb2 Ba6 15.
Rc1 Nxe4 16. Nxe4 Bxb2 17. Nxb2 Qxe4 18. Bxa6 {Black resigns} 1-0

[Event "Team 45 45 League T60"]
[Site "Internet Chess Club"]
[Date "2014.04.05"]
[Round "6"]
[White "rkaebi"]
[Black "dabodhi"]
[Result "1-0"]
[WhiteElo "1419"]
[BlackElo "1393"]
[Opening "Sicilian: Labourdonnais-Löwenthal variation"]
[ECO "B32"]
[Time "12:00:13"]
[TimeControl "2700+45"]

1. e4 c5 2. Nf3 Nc6 3. d4 cxd4 4. Nxd4 e5 5. Nxc6 bxc6 6. Bc4 Qa5+ 7. c3 Qc7 8.
O-O Nf6 9. Qd3 Be7 10. f4 d6 11. fxe5 dxe5 12. b4 O-O 13. Bg5 Rd8 14. Qe3 a5 15.
Bxf6 Bxf6 16. Qg3 Rd6 17. a4 Be6 18. Bxe6 Rxe6 19. Kh1 Qd6 20. Qe1 Qd3 21. Rf3
Qd6 22. Na3 axb4 23. Rd1 Qc7 24. cxb4 Rxa4 25. Qc3 Be7 26. Rfd3 Rxb4 27. Rd7 Qb8
28. Rd8+ Bxd8 29. Qxb4 Qc7 30. Qb7 Re7 31. Qa8 Rd7 32. Rxd7 Qxd7 33. Qa4 g5 34.
h3 Be7 35. Qa8+ Kg7 36. Nc4 f6 37. Ne3 Kg6 38. Qg8+ Kh6 39. Nf5+ Qxf5 40. exf5
c5 {Black resigns} 1-0

[Event "Team 45 45 League T60"]
[Site "Internet Chess Club"]
[Date "2014.04.06"]
[Round "6"]
[White "Visin"]
[Black "drsigmund1"]
[Result "1/2-1/2"]
[WhiteElo "1347"]
[BlackElo "1508"]
[Opening "French: exchange variation"]
[ECO "C01"]
[Time "13:00:25"]
[TimeControl "2700+45"]

1. e4 e6 2. d4 d5 3. exd5 exd5 4. Nf3 Bg4 5. Be2 Nc6 6. c3 Qd7 7. Bf4 O-O-O 8.
O-O f6 9. Bb5 Bd6 10. Bxd6 Qxd6 11. Bxc6 Qxc6 12. Qd3 Ne7 13. Nbd2 Ng6 14. g3 h5
15. Qxg6 Rdg8 16. Nh4 Qd7 17. Rfe1 Rh6 18. Qc2 g5 19. Ng2 h4 20. f3 Be6 21. Kf2
hxg3+ 22. hxg3 Rh2 23. Rh1 Rgh8 24. Rxh2 Rxh2 25. Qg6 Bh3 26. Rg1 b6 27. Qxf6
Qb5 28. Qe5 Qxb2 29. Qe2 Qxc3 30. Nf1 Qxd4+ 31. Ne3 g4 32. f4 Qe4 33. f5 d4 34.
Nf1 Qxf5+ 35. Ke1 Qb1+ 36. Kf2 Qf5+ 37. Ke1 Qb1+ 38. Kf2 Qf5+ 39. Ke1 Qb1+ {Game
drawn by repetition} 1/2-1/2

[Event "Team 45 45 League T60"]
[Site "Internet Chess Club"]
[Date "2014.04.06"]
[Round "6"]
[White "Leon13"]
[Black "pcvan"]
[Result "0-1"]
[WhiteElo "1302"]
[BlackElo "1441"]
[Opening "Giuoco Pianissimo: Italian four knights variation"]
[ECO "C50"]
[Time "11:00:16"]
[TimeControl "2700+45"]

1. e4 e5 2. Nf3 Nc6 3. Bc4 Bc5 4. Nc3 Nf6 5. d3 O-O 6. a3 d6 7. Bg5 h6 8. Bh4 g5
9. Bg3 Nd4 10. b4 Nxf3+ 11. Qxf3 Bg4 12. Qxg4 Bxf2+ 13. Bxf2 Nxg4 14. Rf1 Nxf2
15. Rxf2 Kg7 16. Nd5 f6 17. O-O-O c6 18. Ne3 b5 19. Be6 a5 20. c3 axb4 21. axb4
Ra1+ 22. Kc2 Ra2+ 23. Bxa2 Qb6 24. d4 Kg6 25. Nf5 d5 26. exd5 cxd5 27. Bxd5 Rd8
28. Be4 Qa7 29. Rdf1 Qa2+ 30. Kc1 Qa1+ 31. Bb1 Qxc3+ 32. Bc2 Qa3+ 33. Kb1 Qxb4+
34. Ka1 Ra8+ 35. Ba4 Rxa4+ 36. Ra2 Rxa2+ 37. Kxa2 Qc4+ {White resigns} 0-1

[Event "Team 45 45 League T60"]
[Site "Internet Chess Club"]
[Date "2014.04.07"]
[Round "6"]
[White "rhayder"]
[Black "Andaluz"]
[Result "1/2-1/2"]
[WhiteElo "1327"]
[BlackElo "1267"]
[Opening "French: advance, Paulsen attack"]
[ECO "C02"]
[Time "04:08:21"]
[TimeControl "2700+45"]

1. e4 e6 2. d4 d5 3. e5 c5 4. c3 Nc6 5. Nf3 Nge7 6. Be3 Nf5 7. Bf4 Qb6 8. Qb3
Qxb3 9. axb3 cxd4 10. c4 Nb4 11. Kd2 Bc5 12. Bd3 Nxd3 13. Kxd3 dxc4+ 14. bxc4 h5
15. g3 Bd7 16. Nbd2 Bc6 17. Rhd1 Bxf3 18. Nxf3 O-O 19. Ra5 b6 20. Ra6 Rfd8 21.
Rda1 Rd7 22. Ng5 Rb7 23. Ne4 Bb4 24. Bd2 Be7 {Game drawn by mutual agreement}
1/2-1/2

[Event "Team 45 45 League T60"]
[Site "Internet Chess Club"]
[Date "2014.04.04"]
[Round "6"]
[White "jonesey"]
[Black "misuc56"]
[Result "1/2-1/2"]
[WhiteElo "1900"]
[BlackElo "1849"]
[Opening "Sicilian defense"]
[ECO "B20"]
[Time "04:07:40"]
[TimeControl "2700+45"]

1. e4 c5 2. c4 d6 3. Nc3 Nc6 4. g3 g6 5. Bg2 Bg7 6. Nge2 Bd7 7. d3 Rb8 8. Rb1 a5
9. O-O Qc8 10. Nf4 Nd4 11. Be3 h5 12. h4 Nh6 13. Nfd5 Ng4 14. Nb6 Qd8 15. Nxd7
Qxd7 16. Bh3 f5 17. Bg5 Bf6 18. Bxf6 Nxf6 19. f3 e6 20. Qd2 Kf7 21. Ne2 Nxe2+
22. Qxe2 Rbe8 23. Qd2 b6 24. d4 cxd4 25. Qxd4 Qc6 26. Rbd1 Rd8 27. Rf2 Qc5 28.
exf5 gxf5 29. Qxc5 dxc5 30. Rfd2 Ke7 31. Kf2 Rxd2+ 32. Rxd2 Rd8 33. Rxd8 Kxd8
34. Ke3 Ke7 35. Kf4 Nd7 36. g4 hxg4 37. fxg4 fxg4 38. Bxg4 Kf6 39. h5 Ne5 40.
Be2 Nf7 41. b3 Nh6 42. Bd3 Nf7 43. Be4 {Game drawn by mutual agreement} 1/2-1/2

[Event "Team 45 45 League T60"]
[Site "Internet Chess Club"]
[Date "2014.04.05"]
[Round "6"]
[White "Constrictor"]
[Black "gcl"]
[Result "1/2-1/2"]
[WhiteElo "1614"]
[BlackElo "1727"]
[Opening "Santasiere's folly"]
[ECO "A06"]
[Time "12:01:35"]
[TimeControl "2700+45"]

1. Nf3 d5 2. b4 Bf5 3. Bb2 Nf6 4. e3 e6 5. b5 Bd6 6. d4 Nbd7 7. Bd3 Bxd3 8. Qxd3
O-O 9. O-O c5 10. bxc6 bxc6 11. Ba3 c5 12. c4 dxc4 13. Qxc4 Rc8 14. Qa6 Qb6 15.
Qxb6 axb6 16. dxc5 {Game drawn by mutual agreement} 1/2-1/2

[Event "Team 45 45 League T60"]
[Site "Internet Chess Club"]
[Date "2014.04.05"]
[Round "6"]
[White "parrot9"]
[Black "WOLFSPELZ"]
[Result "0-1"]
[WhiteElo "1690"]
[BlackElo "1951"]
[Opening "French: Tarrasch, Guimard main line"]
[ECO "C04"]
[Time "11:14:07"]
[TimeControl "2700+45"]

1. e4 e6 2. d4 d5 3. Nd2 Nc6 4. Ngf3 Nf6 5. e5 Nd7 6. c3 f6 7. exf6 Qxf6 8. Bd3
e5 9. dxe5 Ndxe5 10. Bc2 Bd6 11. O-O O-O 12. Bb3 Be6 13. Nxe5 Nxe5 14. f4 Ng4
15. Nf3 c6 16. Nd4 Bd7 17. h3 Nh6 18. Be3 Kh8 19. Bc2 Rae8 20. Qf3 c5 21. Nb3 b6
22. Rae1 Bb5 23. Rf2 Bxf4 24. Qxd5 Bxe3 {White resigns} 0-1

[Event "Team 45 45 League T60"]
[Site "Internet Chess Club"]
[Date "2014.04.03"]
[Round "6"]
[White "supermessi"]
[Black "rkaebi"]
[Result "1-0"]
[WhiteElo "1579"]
[BlackElo "1403"]
[Opening "QGD: Semi-Tarrasch defense"]
[ECO "D40"]
[Time "14:00:10"]
[TimeControl "2700+45"]

1. d4 d5 2. c4 e6 3. Nc3 Nf6 4. Nf3 c5 5. e3 cxd4 6. exd4 dxc4 7. Bxc4 Bd6 8.
O-O Qc7 9. Qe2 a6 10. Bg5 Nbd7 11. Rac1 O-O 12. Ne4 Nxe4 13. Qxe4 Qb8 14. Bd3 g6
15. h4 b5 16. h5 Bb7 17. Qg4 Bd5 18. Bh6 Bxf3 19. gxf3 Re8 20. hxg6 Kh8 21. gxh7
Be5 22. dxe5 Qxe5 23. Kh1 f5 24. Qg6 Re7 25. Rg1 Rxh7 26. Qg5 Nf6 27. Rc7 Rxc7
28. Bg7+ Kh7 29. Qh6+ Kg8 30. Bxf6+ {Black resigns} 1-0

[Event "Team 45 45 League T60"]
[Site "Internet Chess Club"]
[Date "2014.04.06"]
[Round "6"]
[White "LittleButton"]
[Black "Grenadier"]
[Result "0-1"]
[WhiteElo "1896"]
[BlackElo "1659"]
[Opening "Queen's pawn game"]
[ECO "A46"]
[Time "08:01:02"]
[TimeControl "2700+45"]

1. d4 Nf6 2. Nf3 d6 3. Bg5 Nbd7 4. Nbd2 e5 5. e4 Be7 6. Bc4 O-O 7. O-O exd4 8.
Nxd4 Ne5 9. Bb3 Bg4 10. f3 Bd7 11. h3 c5 12. Ne2 b5 13. Bxf6 Bxf6 14. Bd5 Rb8
15. f4 Nc6 16. c3 a5 17. a3 b4 18. axb4 axb4 19. Nc4 Qc7 20. Nxd6 bxc3 21. bxc3
Ne7 22. e5 Nxd5 23. Qxd5 Be6 24. Qe4 Be7 25. Rad1 Rfd8 26. f5 Bc8 27. Nxc8 Rbxc8
28. Nf4 Bf8 29. e6 Rxd1 30. Rxd1 fxe6 31. fxe6 c4 32. Rd7 Qb6+ 33. Qd4 Bc5 34.
Ne2 Bxd4+ 35. Nxd4 Re8 36. e7 Kf7 {White resigns} 0-1

[Event "Team 45 45 League T60"]
[Site "Internet Chess Club"]
[Date "2014.04.06"]
[Round "6"]
[White "rahulr"]
[Black "GoIrish"]
[Result "0-1"]
[WhiteElo "1578"]
[BlackElo "1599"]
[Opening "King's Indian: Four pawns attack"]
[ECO "E76"]
[Time "20:30:22"]
[TimeControl "2700+45"]

1. d4 Nf6 2. c4 g6 3. Nc3 Bg7 4. e4 d6 5. f4 O-O 6. e5 dxe5 7. fxe5 Nfd7 8. Nf3
h6 9. Bf4 c5 10. d5 Nb6 11. Bd3 Bg4 12. Qc2 Qe8 13. e6 Bf5 14. Bxf5 gxf5 15.
Qxf5 fxe6 16. Qxe6+ Qf7 17. Be5 Qxe6 18. dxe6 Rxf3 19. Bxg7 Re3+ 20. Kf2 Rxe6
21. Nb5 Kxg7 22. Nc7 Rf6+ 23. Ke2 Nc6 24. Nxa8 Nxa8 25. b3 Nd4+ 26. Ke3 Nc2+
{White resigns} 0-1

[Event "Team 45 45 League T60"]
[Site "Internet Chess Club"]
[Date "2014.04.04"]
[Round "6"]
[White "BrerRabbit"]
[Black "smsxman"]
[Result "1-0"]
[WhiteElo "1471"]
[BlackElo "1356"]
[Opening "Queen's pawn game"]
[ECO "D04"]
[Time "10:02:48"]
[TimeControl "2700+45"]

1. d4 d5 2. Nf3 Nf6 3. e3 Nc6 4. c4 e6 5. Nc3 Bb4 6. a3 Bxc3+ 7. bxc3 O-O 8. Bd3
Re8 9. cxd5 Nxd5 10. c4 Nf6 11. O-O a6 12. Bb2 Rb8 13. Qc2 g6 14. Rab1 Ne7 15.
Rfd1 b5 16. cxb5 axb5 17. Bc3 Bd7 18. Ne5 Ned5 19. Bb4 Nxb4 20. axb4 Nd5 21.
Rdc1 Qe7 22. Qc5 Bc8 23. Qxe7 Rxe7 24. Nc6 Rb7 25. Nxe7+ Nxe7 26. Be4 Ra7 27.
Ra1 Rxa1 28. Rxa1 c6 29. Ra7 Kf8 30. Rc7 Ba6 31. Bxc6 f5 32. Bb7 Bxb7 33. Rxb7
Ke8 34. Rxb5 Kd7 35. Rc5 h5 36. Kf1 Nc6 37. b5 Na5 38. b6 Nc6 39. Ke2 Kd6 40. b7
e5 41. Rxc6+ {Black resigns} 1-0

[Event "Team 45 45 League T60"]
[Site "Internet Chess Club"]
[Date "2014.04.02"]
[Round "6"]
[White "gump12345"]
[Black "Pomberito"]
[Result "1/2-1/2"]
[WhiteElo "1992"]
[BlackElo "2147"]
[Opening "Ruy Lopez: Cozio defense deferred"]
[ECO "C70"]
[Time "20:01:49"]
[TimeControl "2700+45"]

1. e4 e5 2. Nf3 Nc6 3. Bb5 a6 4. Ba4 Nge7 5. O-O g6 6. c3 Bg7 7. d4 exd4 8. cxd4
b5 9. Bb3 d6 10. Nc3 O-O 11. Nd5 h6 12. Re1 Na5 13. Nxe7+ Qxe7 14. Bc2 c5 15. d5
Nc4 16. Rb1 Bg4 17. h3 Bxf3 18. Qxf3 g5 19. b3 Ne5 20. Qf5 Ng6 21. Bd2 Bd4 22.
g3 Rae8 23. Kg2 Qa7 24. h4 gxh4 25. Bxh6 hxg3 26. fxg3 Bg7 27. Be3 Re5 28. Qh3
Rd8 29. Rh1 Qd7 30. Qh7+ Kf8 31. Rbf1 Qg4 32. Bh6 Ne7 33. Bf4 Ng6 34. Bh6 Ne7
35. Bf4 Ng6 36. Bxe5 Nxe5 37. Qf5 Ke7 38. Rh7 Rg8 39. Bd1 Qxf5 40. exf5 Bf6 41.
Re1 c4 42. bxc4 bxc4 43. Bh5 Bg7 44. Be2 c3 45. Rc1 Nd7 46. Rh4 Be5 47. Rg4 Rb8
48. Rc2 Nf6 49. Rc4 Nxd5 50. Kf3 a5 51. g4 Rb4 52. Ke4 Nf6+ 53. Kd3 Nd5 54. Ke4
Rb2 55. Rxb2 cxb2 56. Bd3 Nc3+ 57. Rxc3 Bxc3 58. g5 a4 59. Kd5 Bd2 60. g6 fxg6
61. fxg6 a3 62. g7 Kf7 63. Kxd6 Kxg7 64. Kd5 Kf6 65. Kc4 Bh6 66. Kb3 Bf8 67. Kc2
Ke5 68. Kb1 Kd4 69. Bh7 {Game drawn by mutual agreement} 1/2-1/2

[Event "Team 45 45 League T60"]
[Site "Internet Chess Club"]
[Date "2014.04.12"]
[Round "6"]
[White "Ianjo"]
[Black "xwang1"]
[Result "1/2-1/2"]
[WhiteElo "1913"]
[BlackElo "2049"]
[Opening "King's Indian: Andersson variation"]
[ECO "E92"]
[Time "11:30:23"]
[TimeControl "2700+45"]

1. d4 Nf6 2. c4 g6 3. Nc3 Bg7 4. e4 d6 5. Be2 O-O 6. Nf3 e5 7. dxe5 dxe5 8. Qxd8
Rxd8 9. Bg5 Re8 10. Nd5 Nxd5 11. cxd5 c6 {Game drawn by mutual agreement}
1/2-1/2

[Event "Team 45 45 League T60"]
[Site "Internet Chess Club"]
[Date "2014.04.05"]
[Round "6"]
[White "perikitosax"]
[Black "LuxAeterna"]
[Result "0-1"]
[WhiteElo "1998"]
[BlackElo "2108"]
[Opening "QGD semi-Slav"]
[ECO "D43"]
[Time "12:05:28"]
[TimeControl "2700+45"]

1. d4 c6 2. c4 d5 3. Nf3 Nf6 4. Nc3 e6 5. Bg5 h6 6. Bh4 dxc4 7. e4 b5 8. Be2 g5
9. Bg3 b4 10. Na4 Nxe4 11. Be5 Rg8 12. Qc2 Nd6 13. Nc5 Nd7 14. Rd1 g4 15. Nd2
Nxe5 16. dxe5 Qg5 17. exd6 Qxc5 18. Ne4 Qe5 19. O-O Bd7 20. Bxc4 Bg7 21. Rd2 f5
22. Ng3 O-O-O 23. Re2 Qxd6 24. Rd2 Qc7 25. Qb3 Rge8 26. Qxb4 Qb6 27. Qa3 Kb8 28.
Re2 Bd4 29. Qd3 Bc8 30. Qc2 c5 31. Rfe1 Qc6 32. Rd2 Bb7 33. Bf1 Rh8 34. Ne2 Be5
35. Rc1 Rxd2 36. Qxd2 Qc7 37. Qe3 Bxh2+ 38. Kh1 Qe5 39. Qxe5+ Bxe5 40. Rxc5 Bxb2
41. Nf4 Bd4 42. Rb5 e5 43. Ne6 Re8 44. Nxd4 exd4 45. Bd3 f4 46. Kh2 g3+ 47. fxg3
fxg3+ 48. Kh3 Re3 49. Rb3 Kc7 50. Bc4 Rxb3 51. axb3 Kb6 52. Kxg3 Kc5 53. Kf2 Bd5
54. Bxd5 Kxd5 55. Kf3 Kc5 {White resigns} 0-1

[Event "Team 45 45 League T60"]
[Site "Internet Chess Club"]
[Date "2014.04.08"]
[Round "6"]
[White "iletrado"]
[Black "laurenpar"]
[Result "0-1"]
[WhiteElo "1861"]
[BlackElo "1940"]
[Opening "Dutch defense"]
[ECO "A90"]
[Time "04:00:18"]
[TimeControl "2700+45"]

1. d4 e6 2. c4 f5 3. g3 Nf6 4. Nf3 d5 5. Bg2 c6 6. O-O Bd6 7. Nc3 Nbd7 8. Qb3
Ne4 9. Nd2 Ndf6 10. f3 Nxc3 11. bxc3 f4 12. gxf4 Bxf4 13. e4 O-O 14. Re1 Nh5 15.
Nf1 Qg5 16. Ne3 Qh4 {White resigns} 0-1

[Event "Team 45 45 League T60"]
[Site "Internet Chess Club"]
[Date "2014.04.04"]
[Round "6"]
[White "kyoroogi"]
[Black "TerryMalloy"]
[Result "1/2-1/2"]
[WhiteElo "2207"]
[BlackElo "1955"]
[Opening "Petrov: Paulsen attack"]
[ECO "C42"]
[Time "19:01:48"]
[TimeControl "2700+45"]

1. e4 e5 2. Nf3 Nf6 3. Nxe5 d6 4. Nc4 Nxe4 5. Nc3 Nxc3 6. dxc3 d5 7. Ne3 Be6 8.
Bd3 Nc6 9. Qe2 Be7 10. Nf5 Bf6 11. Be3 Qd7 12. Nd4 Nxd4 13. Bxd4 Bxd4 14. cxd4
O-O 15. O-O Bf5 16. Rfe1 Bxd3 17. Qxd3 Rfe8 18. Kf1 Rxe1+ 19. Rxe1 Re8 20. Rxe8+
{Game drawn by mutual agreement} 1/2-1/2

[Event "Team 45 45 League T60"]
[Site "Internet Chess Club"]
[Date "2014.04.08"]
[Round "6"]
[White "jonesey"]
[Black "rubo"]
[Result "1/2-1/2"]
[WhiteElo "1919"]
[BlackElo "1619"]
[Opening "Réti: Nimzovich-Larsen attack"]
[ECO "A01"]
[Time "04:10:01"]
[TimeControl "2700+45"]

1. b3 d5 2. Nf3 Nf6 3. Bb2 Nbd7 4. e3 g6 5. c4 c6 6. Nc3 dxc4 7. Bxc4 Nb6 8. Qe2
Nxc4 9. Qxc4 Bg7 10. Ne4 O-O 11. Nxf6+ exf6 12. O-O Bf5 13. d4 Be4 14. Nd2 Bd5
15. Qc2 f5 16. b4 Qg5 17. g3 Rfe8 18. Rfe1 Bh6 19. Qd3 Qg4 20. Qe2 Qh3 21. Qf1
Qh5 22. Qe2 Qh3 23. Qf1 Qh5 {Game drawn by mutual agreement} 1/2-1/2

[Event "Team 45 45 League T60"]
[Site "Internet Chess Club"]
[Date "2014.04.03"]
[Round "6"]
[White "zugknightly"]
[Black "MBAStudent"]
[Result "1-0"]
[WhiteElo "1872"]
[BlackElo "1737"]
[Opening "English, 1...Nf6 (Anglo-Indian defense)"]
[ECO "A15"]
[Time "19:04:05"]
[TimeControl "2700+45"]

1. c4 Nf6 2. g3 g6 3. Bg2 Bg7 4. Nc3 d6 5. e4 Nc6 6. d3 e5 7. Nge2 Be6 8. O-O
Qd7 9. Nd5 Ne7 10. Nxe7 Qxe7 11. Rb1 Qd7 12. f4 Bh3 13. b4 Nh5 14. f5 Bxg2 15.
Kxg2 Nf6 16. Bg5 Ng4 17. h3 Bh6 18. Qd2 Qd8 19. Bxh6 {Black resigns} 1-0

[Event "Team 45 45 League T60"]
[Site "Internet Chess Club"]
[Date "2014.04.02"]
[Round "6"]
[White "kidcobra"]
[Black "rayonline53"]
[Result "1-0"]
[WhiteElo "1853"]
[BlackElo "1472"]
[Opening "French: exchange variation"]
[ECO "C01"]
[Time "17:26:43"]
[TimeControl "2700+45"]

1. e4 e6 2. d4 d5 3. exd5 exd5 4. Nf3 Nf6 5. Bd3 Bd6 6. h3 Nc6 7. c3 Qe7+ 8. Qe2
Qxe2+ 9. Bxe2 O-O 10. O-O Bf5 11. Nbd2 Rfe8 12. Bb5 Bd7 13. Nb3 a6 14. Bd3 h6
15. Bd2 Rad8 16. Rae1 Rxe1 17. Rxe1 Re8 18. Rxe8+ Nxe8 19. c4 dxc4 20. Bxc4 Nf6
21. Bd3 Nd5 22. Be4 Nf6 23. Bd3 Nd5 24. Bc4 Nb6 25. Bd3 Nd5 26. Na5 Nxa5 27.
Bxa5 Be6 28. Bc4 Kf8 29. Bd2 Ke7 30. b3 Nb4 31. a3 Bxc4 32. bxc4 Nd3 33. c5 Nxc5
34. dxc5 Bxc5 35. a4 b5 36. axb5 axb5 37. Ne5 Ba3 38. Kf1 f6 39. Nd3 c5 40. Ke1
Kd6 41. Bc1 Bxc1 42. Nxc1 Kd5 43. Kd2 Kd4 44. Kc2 Kc4 45. Nb3 Kb4 46. Nd2 c4 47.
Ne4 Ka4 48. Kc3 Ka3 49. Nc5 g5 50. g4 Ka2 51. Ne4 Ka3 52. Nxf6 b4+ 53. Kxc4 b3
54. Ne4 b2 55. Nc3 {Black resigns} 1-0

[Event "Team 45 45 League T60"]
[Site "Internet Chess Club"]
[Date "2014.04.06"]
[Round "6"]
[White "Signalman"]
[Black "John3v16"]
[Result "1-0"]
[WhiteElo "1701"]
[BlackElo "1630"]
[Opening "Queen's pawn, Mason variation"]
[ECO "D00"]
[Time "04:13:55"]
[TimeControl "2700+45"]

1. d4 d5 2. Bf4 Nf6 3. e3 c5 4. c3 e6 5. Nf3 Nc6 6. Bd3 c4 7. Bc2 Qb6 8. Qc1 Nh5
9. Nbd2 Nxf4 10. exf4 Bd6 11. g3 f6 12. O-O O-O 13. Qb1 h6 14. b3 cxb3 15. axb3
e5 16. Nh4 e4 17. Re1 f5 18. Ng6 Re8 19. b4 Be6 20. Ne5 Bf7 21. Ba4 Re7 22. Nxf7
Kxf7 23. Bb3 Kf8 24. Bxd5 Nxd4 25. cxd4 Qxd4 26. Qa2 Bxb4 27. Red1 e3 28. fxe3
Rxe3 29. Nf3 Qb6 30. Qf2 Bc5 31. Kg2 Rae8 32. Kh1 Re1+ 33. Qxe1 Rxe1+ 34. Rxe1
Qb2 35. Nh4 Bd4 36. Rab1 Qf2 37. Ng6# {Black checkmated} 1-0

[Event "Team 45 45 League T60"]
[Site "Internet Chess Club"]
[Date "2014.04.05"]
[Round "6"]
[White "amicusUK"]
[Black "frank001"]
[Result "0-1"]
[WhiteElo "1662"]
[BlackElo "1809"]
[Opening "King's Indian: East Indian defense"]
[ECO "A48"]
[Time "03:00:26"]
[TimeControl "2700+45"]

1. d4 Nf6 2. Nf3 g6 3. Nbd2 d5 4. c3 Bg7 5. e3 O-O 6. Bd3 a6 7. O-O Re8 8. e4
dxe4 9. Nxe4 Nxe4 10. Bxe4 Nd7 11. Re1 Nf6 12. Bc2 Qd6 13. h3 b5 14. Bg5 Bb7 15.
Bxf6 Bxf6 16. Be4 Bxe4 17. Rxe4 Rad8 18. Qe2 e6 19. Re1 Qd5 20. b4 Ra8 21. Qb2
a5 22. bxa5 Rxa5 23. R4e2 Rea8 24. Qb3 Qd6 25. Nd2 Qc6 26. Ne4 Be7 27. Ng3 Ra3
28. Qd1 Bh4 29. Ne4 Rxa2 30. g3 Bd8 31. Qb1 Rxe2 32. Rxe2 Qc4 33. Rb2 c6 34. Rb4
Qd5 35. Nc5 Kg7 36. Qe4 Ra1+ 37. Kg2 Qxe4+ 38. Nxe4 Ba5 39. Rb3 Rc1 40. Ra3 f5
41. Rxa5 fxe4 42. Ra3 Rc2 43. Kf1 Kf6 44. Ke1 h5 45. Kf1 Ke7 46. Ra7+ Kd6 47.
Rg7 Rxc3 48. Rxg6 b4 49. Rg8 Kd5 50. Rb8 Kc4 51. Ke2 Rc2+ 52. Ke3 b3 53. g4 hxg4
54. hxg4 b2 55. g5 Rc3+ 56. Kxe4 Rb3 57. Rxb3 Kxb3 58. Ke5 b1=Q 59. Kf6 Qf5+
{White resigns} 0-1

[Event "Team 45 45 League T60"]
[Site "Internet Chess Club"]
[Date "2014.04.07"]
[Round "6"]
[White "Andressa"]
[Black "losscause"]
[Result "1/2-1/2"]
[WhiteElo "1458"]
[BlackElo "1564"]
[Opening "Caro-Kann: advance variation"]
[ECO "B12"]
[Time "18:22:14"]
[TimeControl "2700+45"]

1. e4 c6 2. d4 d5 3. e5 Bf5 4. Nf3 e6 5. Be2 Nd7 6. c4 dxc4 7. Bxc4 Nb6 8. Bd3
Bxd3 9. Qxd3 Ne7 10. O-O Ng6 11. Nc3 Be7 12. Be3 O-O 13. Ne4 h6 14. Rac1 Nd5 15.
Qb3 Qb6 {Game drawn by mutual agreement} 1/2-1/2

[Event "Team 45 45 League T60"]
[Site "Internet Chess Club"]
[Date "2014.04.03"]
[Round "6"]
[White "JeffH"]
[Black "dabodhi"]
[Result "1-0"]
[WhiteElo "1650"]
[BlackElo "1409"]
[Opening "Scandinavian defense"]
[ECO "B01"]
[Time "20:00:07"]
[TimeControl "2700+45"]

1. e4 d5 2. exd5 Nf6 3. Nf3 Nxd5 4. d4 Bg4 5. Be2 Bf5 6. O-O e6 7. a3 c5 8. Bb5+
Nc6 9. c4 Nf6 10. Nc3 Be7 11. d5 a6 12. Ba4 b5 13. cxb5 Nd4 14. bxa6+ Nd7 15.
Nxd4 cxd4 16. Qxd4 O-O 17. dxe6 Bxe6 18. Bb5 Bf6 19. Qe3 Qc7 20. Bd2 Ne5 21. Ne4
Be7 22. Rac1 Qb8 23. a4 Ng4 24. Qf4 Qd8 25. h3 Nf6 26. Nxf6+ Bxf6 27. Bc3 Bg5
28. Qg3 Bf6 29. Bxf6 Qxf6 30. Qc3 Qg6 31. Bd3 Qg5 32. b4 Bxh3 33. Bxh7+ Kxh7 34.
Qxh3+ Kg8 35. Rc5 f5 36. Qb3+ Kh7 37. b5 Rac8 38. Rxc8 Rxc8 39. b6 Rc1 40. Rxc1
Qxc1+ 41. Kh2 Qf4+ 42. Qg3 Qxa4 43. b7 f4 44. Qh3+ {Black resigns} 1-0